 Dungeon Crawl Stone Soup version 0.21-a0-13-g3fd62ac (webtiles) character file.

2856 uglyjohn the Cleaver (level 9, -9/74 HPs)
             Began as a Hill Orc Fighter on May 22, 2017.
             Was a Believer of Nemelex Xobeh.
             Killed by the air
             ... invoked by Gastronok
              (32 damage)
             ... on level 8 of the Dungeon on May 23, 2017.
             The game lasted 00:21:05 (8859 turns).

uglyjohn the Cleaver (Hill Orc Fighter)             Turns: 8859, Time: 00:21:06

Health: -9/74      AC: 10    Str: 22    XL:     9   Next: 75%
Magic:  16/16      EV:  5    Int:  8    God:    Nemelex Xobeh [**....]
Gold:   540        SH:  9    Dex: 13    Spells: 8/8 levels left

rFire    + . .     SeeInvis .   a - +2 war axe
rCold    + . .     Gourm    .   c - +0 shield
rNeg     . . .     Faith    .   N - +0 chain mail
rPois    .         Spirit   .   (no helmet)
rElec    .         Reflect  .   r - scarf {rC+ rF+}
rCorr    .         Harm     .   (no gloves)
MR       .....                  u - +0 pair of boots
Stlth    ..........             (no amulet)
Regen    0.3/turn               (no ring)
MPRegen  0.2/turn               D - +3 ring of dexterity

@: no status effects
A: no striking features
a: Renounce Religion


You were on level 8 of the Dungeon.
You worshipped Nemelex Xobeh.
Nemelex Xobeh was pleased with you.
You were not hungry.

You visited 2 branches of the dungeon, and saw 9 of its levels.
You also visited: Sewer and Ossuary.

You collected 540 gold pieces.

Inventory:

Hand Weapons
 a - a +2 war axe (weapon)
Missiles
 C - 86 bolts
Armour
 b - a +0 scale mail
 c - a +0 shield (worn)
 r - a scarf of resistance (worn)
 u - a +0 pair of boots (worn)
 N - a +0 chain mail (worn)
Jewellery
 o - an uncursed ring of fire
 D - a +3 ring of dexterity (right hand)
Wands
 i - a wand of clouds (0/9)
 E - a wand of acid (5/15)
 P - a wand of acid (3/15)
Scrolls
 e - 3 scrolls of remove curse
 g - a scroll of identify
 j - 3 scrolls of immolation
 y - a scroll of fear {unknown}
 F - 2 scrolls of amnesia {unknown}
 G - 3 scrolls of teleportation
 J - 2 scrolls of fog
 L - a scroll of magic mapping {unknown}
 M - a scroll of blinking
Potions
 d - 8 potions of might
 k - 2 potions of haste
 l - 2 potions of agility
 m - a potion of flight
 p - 4 potions of mutation
 s - a potion of cancellation {unknown}
 t - 7 potions of curing
 w - a potion of heal wounds {unknown}
 x - a potion of ambrosia {unknown}
 z - a potion of invisibility {unknown}
 A - a potion of brilliance
 B - 4 potions of lignification
 H - a potion of magic {unknown}
 K - a potion of berserk rage {unknown}
Miscellaneous
 I - a plain deck of escape {drawn: 1}
Comestibles
 f - 6 bread rations
 h - 3 meat rations
 q - 7 fruits
 v - 4 chunks of flesh
 O - a royal jelly


   Skills:
 - Level 5.4 Fighting
 + Level 12.0 Axes
 - Level 4.7 Armour
 - Level 3.2 Shields
 + Level 10.4 Invocations


You had 8 spell levels left.
You didn't know any spells.

Dungeon Overview and Level Annotations

Branches:
Dungeon (8/15)             Temple (1/1) D:4
   Lair: D:8-11

Altars:
Ashenzari
Cheibriados
Dithmenos
Elyvilon
Fedhas
Gozag
Hepliaklqana
Kikubaaqudgha
Nemelex Xobeh
Okawaru
Qazlal
Ru
Sif Muna
Trog
Uskayaw
Vehumet
Wu Jian
Xom
Yredelemnul
Zin
The Shining One

Shops:
D:4 **

Annotations:
D:8 Gastronok


Message History

Gastronok is moderately wounded.
Evoking this partially-identified wand wasted a few charges.
Gastronok bites you!!
As you read the scroll of enchant weapon, it crumbles to dust.
Your +1 war axe glows red for a moment.
Gastronok makes a strange noise.
Gastronok bites you!!
* * * LOW HITPOINT WARNING * * *
You feel better.
Gastronok looks at you and mumbles some strange words.
You feel as though you will be slow longer.
Evoke which item? (* to show all) (? for menu, Esc to quit)
You draw a card...
It is Velocity.
You feel yourself speed up.
You slash Gastronok!
Gastronok is heavily wounded.
Gastronok waves his eye-stalks in wide circles.
The air twists around and strikes you!
You die...
Your body disappears without a glow.

. .w.
#..#############
#...<.w........
#######@..##..
#รท..### #...###
.....### #####


You could see Gastronok.

Vanquished Creatures
  A hippogriff (D:8)
  Sigmund (D:3)
  2 orc warriors
  An ice beast (D:6)
  A black bear (D:7)
  A phantom (D:6)
  2 ogres
  2 centaurs
  3 bullfrogs
  A scorpion (D:6)
  2 howler monkeys (D:4)
  4 crimson imps
  A bullfrog zombie (D:5)
  A centaur zombie (D:6)
  3 hounds
  5 orc priests
  A gnoll shaman (D:6)
  2 jellies
  A centaur skeleton (D:4)
  10 orc wizards
  2 iguanas
  5 worker ants
  A hound skeleton (D:4)
  3 mummies (Ossuary)
  7 gnolls
  11 adders
  A shadow imp (D:5)
  2 oozes
  An adder skeleton (D:6)
  3 worms
  A dart slug (D:1)
  4 leopard geckos
  26 orcs
  6 bats
  3 giant cockroaches
  A gnoll zombie (Ossuary)
  5 hobgoblins
  19 jackals
  7 kobolds
  A quokka (D:7)
  5 ball pythons
  5 frilled lizards
  7 goblins
  A hobgoblin zombie (Ossuary)
  A jackal skeleton (D:5)
  4 kobold zombies (Ossuary)
  A leopard gecko zombie (D:6)
  13 rats
  A plant (Sewer)
192 creatures vanquished.

Vanquished Creatures (collateral kills)
  4 mummies (Ossuary)
4 creatures vanquished.

Vanquished Creatures (others)
  A mummy (Ossuary)
  2 ball lightnings (Ossuary)
  2 hobgoblin zombies (Ossuary)
5 creatures vanquished.

Grand Total: 201 creatures vanquished

Notes
Turn   | Place    | Note
-------+----------+-------------------------------------------
     0 | D:1      | uglyjohn the Hill Orc Fighter began the quest for the Orb.
     0 | D:1      | Reached XP level 1. HP: 19/19 MP: 1/1
     2 | D:1      | Noticed a demigod
     2 | D:1      | Noticed a dwarf
     4 | D:1      | Noticed an octopode
     4 | D:1      | Noticed a vine stalker
     6 | D:1      | Noticed a halfling
     6 | D:1      | Noticed a human
     8 | D:1      | Noticed a merfolk
     8 | D:1      | Noticed a demonspawn
    10 | D:1      | Noticed a draconian
    10 | D:1      | Noticed a naga
    12 | D:1      | Noticed a minotaur
    12 | D:1      | Noticed a formicid
    14 | D:1      | Noticed a centaur
    14 | D:1      | Noticed a spriggan
    16 | D:1      | Noticed an elf
    18 | D:1      | Noticed a ghoul
    20 | D:1      | Noticed a felid
    20 | D:1      | Noticed a gargoyle
    22 | D:1      | Noticed an ogre
    24 | D:1      | Noticed a tengu
    24 | D:1      | Noticed a troll
    26 | D:1      | Noticed a vampire
   241 | D:1      | Reached skill level 3 in Axes
   395 | D:1      | Reached XP level 2. HP: 26/27 MP: 2/2
   697 | D:2      | Found a radiant altar of Vehumet.
   784 | D:2      | Reached XP level 3. HP: 14/33 MP: 3/3
  1076 | D:2      | Reached skill level 4 in Axes
  1186 | D:2      | Upgraded the game from 0.21-a0-2-ge494091 to 0.21-a0-13-g3fd62ac
  1280 | D:2      | Reached XP level 4. HP: 21/40 MP: 4/4
  1984 | D:3      | Noticed Sigmund
  2010 | D:3      | Killed Sigmund
  2010 | D:3      | Reached skill level 5 in Fighting
  2010 | D:3      | Reached skill level 6 in Axes
  2010 | D:3      | Reached XP level 5. HP: 42/48 MP: 5/5
  2010 | D:3      | Reached XP level 6. HP: 49/56 MP: 6/6
  2181 | D:3      | Found a blossoming altar of Fedhas.
  3084 | D:4      | Found Zin's Purification Station.
  3085 | D:4      | Found a glowing silver altar of Zin.
  3274 | D:4      | Found a staircase to the Ecumenical Temple.
  3286 | Temple   | Entered the Ecumenical Temple
  3342 | Temple   | Became a worshipper of Nemelex Xobeh the Trickster
  3527 | D:4      | Received a gift from Nemelex Xobeh
  3556 | D:4      | Reached skill level 1 in Invocations
  3704 | D:4      | Reached skill level 7 in Axes
  3704 | D:4      | Reached XP level 7. HP: 53/61 MP: 6/8
  3942 | D:4      | Found an opulent altar of Gozag.
  3942 | D:4      | Found Gozag's Platinum Reserve.
  4708 | D:5      | Entered Level 5 of the Dungeon
  4737 | D:5      | Reached skill level 8 in Axes
  5227 | D:5      | Reached * piety under Nemelex Xobeh
  5286 | D:5      | Found a shimmering altar of Xom.
  5315 | D:5      | Found a bloodstained altar of Trog.
  5568 | D:5      | Reached skill level 5 in Invocations
  5568 | D:5      | Reached XP level 8. HP: 69/69 MP: 11/11
  5754 | D:5      | Found a shadowy altar of Dithmenos.
  5976 | D:5      | Reached skill level 9 in Axes
  6276 | D:6      | Found a white marble altar of Elyvilon.
  6342 | D:6      | Found an ancient bone altar of Kikubaaqudgha.
  6368 | D:6      | Found a glowing drain.
  6388 | D:6      | Found a hide-covered altar of Uskayaw.
  6412 | D:6      | Reached skill level 10 in Axes
  6438 | D:6      | Found a sand-covered staircase.
  6444 | Ossuary  | Entered an ossuary
  6681 | Ossuary  | Received a gift from Nemelex Xobeh
  6758 | Sewer    | Entered a sewer
  7049 | Sewer    | Reached ** piety under Nemelex Xobeh
  7096 | Sewer    | Reached XP level 9. HP: 63/74 MP: 15/15
  7927 | D:7      | Reached skill level 11 in Axes
  8336 | D:7      | Found an iron altar of Okawaru.
  8527 | D:7      | Reached skill level 10 in Invocations
  8830 | D:8      | Noticed Gastronok
  8842 | D:8      | Reached skill level 12 in Axes
  8859 | D:8      | Killed from afar by Gastronok

Vault maps used:
D:1:      kb_arrival_jail, minmay_misc_feat_more_columns, serial_bayou_ford_a
D:2:      vehumet_crystals
D:3:      fedhas_altar_fruit_tree, uniq_sigmund
D:4:      zin_purify, nicolae_gozag_zags_fifth_avenue, minmay_temple_entry_hall
D:5:      kennysheep_mini, nicolae_dithmenos_through_a_glass_darkly,
          first_bread, interstate_on_off, roderic_serpentine_path,
          trog_hazing_becter
D:6:      kiku_gazebo_pond_becter, overflow_temple_1_default,
          lemuel_doored_altar, cheibrodos_sewer_entry_drain,
          lightli_ossuary_entry_decrepit_ruins
D:7:      okawaru_ov_weapons_minmay
D:8:      serial_shops, nicolae_shop_stone, uniq_gastronok, uniq_psyche
Temple:   minmay_temple_bridge_abc
Sewer:    sewer_co_scattered_pipes
Ossuary:  ossuary_tomb_3

Skill      XL: |  1  2  3  4  5  6  7  8  9 |
---------------+----------------------------+-----
Axes           | 3 4 6 7 8 10 12 | 12.0
Fighting       | 4 5 |  5.4
Armour         | 4 |  4.7
Invocations    | 1 5 8 10 | 10.4
Shields        | |  3.2

Action                   |  1- 3 |  4- 6 |  7- 9 || total
-------------------------+-------+-------+-------++-------
Melee: War axe           |   107 |   119 |   376 ||   602
Evoke: Wand              |       |     1 |     5 ||     6
       Deck              |       |       |     6 ||     6
  Use: Scroll            |       |       |    17 ||    17
       Potion            |       |       |     2 ||     2
 Stab: Confused          |       |     1 |     1 ||     2
  Eat: Chunk             |     1 |     8 |    16 ||    25
       Fruit             |       |       |     1 ||     1
Armor: Scale mail        |    35 |    40 |   107 ||   182
       Chain mail        |       |       |    47 ||    47
Dodge: Dodged            |    26 |    37 |   100 ||   163
Block: Shield            |    58 |    48 |   151 ||   257
